 Dungeon Crawl Stone Soup version 0.26.1-11-gd32895ea62 (webtiles) character file.

Game seed: 13489064243145823165

6931 Destapler the Protected (level 10, -1/94 HPs)
             Began as a Minotaur Fighter on July 2, 2021.
             Was an Elder of Makhleb.
             Slain by a gnoll
             ... wielding a +0 hand axe
              (7 damage)
             ... in a bailey.
             The game lasted 00:17:32 (7975 turns).

Destapler the Protected (Minotaur Fighter)          Turns: 7975, Time: 00:17:33

Health: -1/94      AC: 10    Str: 23    XL:     10   Next: 80%
Magic:  9/9        EV:  9    Int:  5    God:    Makhleb [****..]
Gold:   222        SH: 13    Dex: 11    Spells: 9/9 levels left

rFire    . . .     SeeInvis +   g - +2 whip (venom)
rCold    . . .     Faith    .   c - +1 kite shield
rNeg     . . .     Spirit   .   b - +0 scale mail
rPois    .         Reflect  .   (helmet restricted)
rElec    .         Harm     .   (no cloak)
rCorr    .         Rampage  .   o - +0 pair of gloves
Will     .....                  (no boots)
Stlth    ..........             s - amulet of regeneration
HPRegen  0.65/turn              A - ring of see invisible
MPRegen  0.11/turn              (no ring)

@: no status effects
A: retaliatory headbutt, horns 2
a: Renounce Religion, Minor Destruction, Lesser Servant of Makhleb, Major
Destruction


You were in a bailey.
You worshipped Makhleb.
Makhleb was greatly pleased with you.
You visited 1 branch of the dungeon, and saw 9 of its levels.
You also visited: Bailey.

You collected 334 gold pieces.
You spent 112 gold pieces at shops.

Inventory:

Hand Weapons
 a - a +0 war axe
 e - a +4 hand axe
 g - a +2 whip of venom (weapon)
Missiles
 p - 24 poisoned darts (quivered)
 D - 4 boomerangs
 I - 4 throwing nets
Armour
 b - a +0 scale mail (worn)
 c - a +1 kite shield (worn)
 o - a +0 pair of gloves (worn)
Jewellery
 k - a +6 ring of intelligence
 s - an amulet of regeneration (around neck)
 A - a ring of see invisible (left hand)
Wands
 q - a wand of random effects (35)
 B - a wand of iceblast (11)
 C - a wand of flame (15)
 E - a wand of enslavement (7)
 F - a wand of disintegration (10)
 J - a wand of polymorph (3)
Scrolls
 h - 6 scrolls of enchant armour
 i - 6 scrolls of teleportation
 j - 2 scrolls of magic mapping
 l - 5 scrolls of remove curse
 x - 3 scrolls of identify
 y - a scroll of immolation
 G - a scroll of vulnerability
Potions
 d - a potion of might
 m - 3 potions of magic {unknown}
 n - 8 potions of curing
 r - a potion of cancellation {unknown}
 t - a potion of brilliance {unknown}
 u - 2 potions of ambrosia {unknown}
 v - a potion of heal wounds {unknown}
 z - 3 potions of attraction {unknown}
 H - a potion of invisibility {unknown}
 K - a potion of haste {unknown}


   Skills:
 + Level 10.5 Fighting
 - Level 3.1(6.9) Axes
 + Level 9.6(9.8) Maces & Flails
 + Level 10.6 Armour
 + Level 10.5 Shields


You had 9 spell levels left.
You didn't know any spells.
Your spell library contained the following spells:

 Spells                   Type           Power        Failure   Level
 Animate Skeleton         Necr           0%           90%         1
 Beastly Appendage        Tmut           0%           90%         1
 Wereblood                Tmut           0%           97%         2
 Spider Form              Tmut/Pois      0%           99%         3
 Ice Form                 Ice/Tmut       0%           100%        4
 Blade Hands              Tmut           0%           100%        5


Dungeon Overview and Level Annotations

Branches:
Dungeon (9/15)             Temple (0/1) D:5          Bailey (1/1)
   Lair: D:8-11         Orc: D:9-12

Altars:
Ashenzari
Cheibriados
Elyvilon
Gozag
Hepliaklqana
Makhleb
Nemelex Xobeh
Qazlal
Ru
Sif Muna
Trog
Xom
Yredelemnul
Zin
The Shining One

Shops:
D:4 }*   D:6 (**=[   D:9 ?

Annotations:
D:9 2 transporters, tamionv's ghost, novice GrFi


Innate Abilities, Weirdness & Mutations

You reflexively headbutt those who attack you in melee.
You have a pair of horns on your head.


Message History

The orc knight is poisoned.
You block the gnoll's attack.
The orc knight hits you with a +0 war axe!
* * * LOW HITPOINT WARNING * * *
You closely miss the orc knight. You block the gnoll's attack.
You hit the orc knight but do no damage.
The orc knight hits you but does no damage.
You barely miss the orc knight.
The orc knight is lightly wounded.
The gnoll hits you but does no damage.
You whack the orc knight!
The orc knight looks as sick as possible!
The orc knight is lightly wounded.
The orc knight roars a battlecry!
The orc knight goes into a battle-frenzy!
The orc warrior sings a few bars from the Orcish anthem.
You hit the orc knight but do no damage.
The orc knight looks as sick as possible!
The orc knight is lightly wounded.
The gnoll hits you with a +0 hand axe!
You die...

..### #'#.### .
###.....### # .o
##.........# # ...
#8........?! #
...g#8..o......? #
..oo...o.⌠....∩ #
#8..@g.....! #
#8........?? ##
###........!# .###
###.###)....###
...###
###.....#)#.###
)....###.........###
......#.....(.....#
......#.g..(.g....#
⌠.....#))...⌠.....#


You could see 2 orc knights, an orc warrior (strong), a gnoll, an orc (strong)
and a hobgoblin.

Vanquished Creatures
  Harold (D:7)
  An unseen horror (D:7)
  An orc knight (Bailey)
  An ugly thing (D:8)
  Joseph (D:8)
  Sigmund (D:2)
  A yak (D:7)
  A wyvern (D:8)
  2 water moccasins
  11 orc warriors
  4 ice beasts
  4 ogres
  4 phantoms
  4 bullfrogs
  The ghost of Descartes the Ducker, an amateur FeTm (D:4)
  A water moccasin zombie (D:8)
  4 howler monkeys
  4 wights (D:6)
  A centaur zombie (D:8)
  2 hounds
  3 jellies
  3 orc priests
  7 orc wizards
  A bullfrog skeleton (D:6)
  A centaur skeleton (D:4)
  Terence (D:3)
  Natasha (twice) (D:2)
  6 worker ants
  A worker ant zombie (D:8)
  Robin (D:2)
  14 gnolls
  6 adders
  A shadow imp (D:8)
  3 white imps
  An ooze (D:1)
  4 dart slugs
  3 worms
  4 leopard geckos
  29 orcs
  8 bats
  4 giant cockroaches
  17 goblins
  39 hobgoblins
  11 jackals
  7 kobolds
  6 quokkas
  A ball python (D:4)
  A ball python zombie (D:6)
  5 frilled lizards
  6 rats
246 creatures vanquished.

Notes
Turn   | Place    | Note
-------+----------+-------------------------------------------
     0 | D:1      | Destapler the Minotaur Fighter began the quest for the Orb.
     0 | D:1      | Reached XP level 1. HP: 19/19 MP: 0/0
    46 | D:1      | Reached XP level 2. HP: 27/27 MP: 1/1
   223 | D:1      | Reached XP level 3. HP: 32/33 MP: 2/2
  1166 | D:2      | Reached XP level 4. HP: 37/41 MP: 3/3
  1273 | D:2      | Noticed a phantom
  1290 | D:2      | Reached skill level 1 in Maces & Flails
  1296 | D:2      | Killed a phantom
  1297 | D:2      | Reached XP level 5. HP: 34/47 MP: 4/4
  1479 | D:2      | Noticed Robin
  1482 | D:2      | Noticed Natasha
  1496 | D:2      | Killed Natasha
  1499 | D:2      | Killed Robin
  1500 | D:2      | Reached skill level 5 in Fighting
  1500 | D:2      | Reached skill level 5 in Armour
  1500 | D:2      | Reached skill level 5 in Shields
  1687 | D:2      | Noticed Sigmund
  1698 | D:2      | Killed Sigmund
  1699 | D:2      | Reached XP level 6. HP: 46/56 MP: 5/5
  2075 | D:2      | Noticed Natasha
  2082 | D:2      | Killed Natasha
  2184 | D:3      | Found a burning altar of Makhleb.
  2193 | D:3      | Found a glowing silver altar of Zin.
  2193 | D:3      | Noticed an angel
  2193 | D:3      | Noticed a blizzard demon
  2196 | D:3      | Became a worshipper of Makhleb the Destroyer
  2241 | D:3      | Found a stormy altar of Qazlal.
  2365 | D:3      | Found a shimmering blue altar of Sif Muna.
  2370 | D:3      | Noticed Terence
  2376 | D:3      | Killed Terence
  2379 | D:3      | Identified Sif Muna's Reference Book on Necromancy
  2386 | D:3      | Found a bloodstained altar of Trog.
  2799 | D:3      | Found a broken altar of Ashenzari.
  2799 | D:3      | Found a sacrificial altar of Ru.
  2998 | D:3      | Found a snail-covered altar of Cheibriados.
  2998 | D:3      | Found a basalt altar of Yredelemnul.
  3238 | D:4      | Reached XP level 7. HP: 53/62 MP: 6/6
  3283 | D:4      | Found Ileneuh's Gadget Boutique.
  3348 | D:4      | Found a snail-covered altar of Cheibriados.
  3539 | D:4      | Found Fovoxkef's General Store.
  3542 | D:4      | Bought a scroll of magic mapping for 42 gold pieces
  3542 | D:4      | Bought a scroll of identify for 24 gold pieces
  3542 | D:4      | Bought a scroll of remove curse for 36 gold pieces
  3755 | D:4      | Found a runed translucent gate.
  3755 | D:4      | Found a runed translucent gate.
  3755 | D:4      | Found a runed translucent gate.
  3758 | D:4      | Noticed Descartes's ghost (amateur FeTm)
  3779 | D:4      | Killed Descartes's ghost
  3833 | D:5      | Entered Level 5 of the Dungeon
  3897 | D:5      | Reached * piety under Makhleb
  3954 | D:5      | Found a staircase to the Ecumenical Temple.
  4141 | D:5      | Reached XP level 8. HP: 70/71 MP: 7/7
  4188 | D:5      | Found a white marble altar of Elyvilon.
  4571 | D:5      | Reached skill level 5 in Maces & Flails
  4738 | D:6      | Found Kuremp's Armour Shoppe.
  4852 | D:6      | Found a shimmering altar of Xom.
  4858 | D:6      | Found a shimmering altar of Xom.
  4858 | D:6      | Found a shimmering altar of Xom.
  4858 | D:6      | Found a shimmering altar of Xom.
  4858 | D:6      | Found a shimmering altar of Xom.
  4865 | D:6      | Found a sparkling altar of Nemelex Xobeh.
  4969 | D:6      | Found Railenn's Assorted Antiques.
  4978 | D:6      | Found Dipajije's Jewellery Shoppe.
  5197 | D:6      | Reached ** piety under Makhleb
  5260 | D:6      | Found Simus's Antique Weapon Shoppe.
  5299 | D:6      | Found Ipeus's General Store.
  5304 | D:6      | Bought a potion of degeneration for 10 gold pieces
  5334 | D:6      | Found an opulent altar of Gozag.
  5579 | D:7      | Reached XP level 9. HP: 70/81 MP: 8/8
  5636 | D:7      | Found a sacrificial altar of Ru.
  6351 | D:7      | Noticed an unseen horror
  6361 | D:7      | Killed an unseen horror
  6457 | D:8      | Noticed Joseph
  6475 | D:8      | Killed Joseph
  6626 | D:8      | Noticed Harold
  6715 | D:7      | Killed Harold
  6716 | D:7      | Reached XP level 10. HP: 80/92 MP: 9/9
  7013 | D:8      | Noticed a purple ugly thing
  7025 | D:8      | Killed a purple ugly thing
  7026 | D:8      | Reached skill level 10 in Armour
  7154 | D:8      | Found a glowing golden altar of the Shining One.
  7183 | D:8      | Reached *** piety under Makhleb
  7188 | D:8      | Reached skill level 10 in Fighting
  7231 | D:8      | Reached skill level 10 in Shields
  7238 | D:8      | Found a hazy altar of Hepliaklqana.
  7349 | D:9      | Found a transporter.
  7382 | D:9      | Found a transporter.
  7382 | D:9      | Noticed tamionv's ghost (novice GrFi)
  7442 | D:9      | Found Efaf's Magic Scroll Emporium.
  7498 | D:9      | Found a flagged portal.
  7506 | Bailey   | Entered a bailey
  7713 | Bailey   | Noticed an orc knight
  7754 | Bailey   | Killed an orc knight
  7910 | Bailey   | Reached **** piety under Makhleb
  7924 | Bailey   | Noticed an orc warlord
  7948 | Bailey   | Noticed an orc knight
  7968 | Bailey   | Noticed an orc knight
  7968 | Bailey   | Noticed an orc knight
  7970 | Bailey   | HP: 4/94 [orc knight/+0 war axe (14)]
  7975 | Bailey   | Slain by a gnoll

Illustrated notes

Levels and vault maps discovered:
D:1:      dpeg_arrival_water_temple_mockup, layout_basic
D:2:      layout_loops_ring, uniq_robin, uniq_sigmund, uniq_natasha
D:3:      layout_loops_ring, grunt_temple_overflow_order_and_chaos_2,
          nzn_overflow_gifts_of_might_and_magic, lemuel_coloured_pillars_altar,
          gammafunk_temple_overflow_pools, gammafunk_temple_overflow_statue,
          minmay_misc_feat_roman, st_stairs_13, dk_noncrumbling_2
D:4:      layout_cave_pools, serial_shops, nicolae_shop_behind_doors,
          kennysheep_mini_moat, ebering_ghost_rock_garden, cheibriados_altar_1
D:5:      layout_basic, elyvilon_altar_1, temple_pool_b, hangedman_decor_points
D:6:      layout_rooms, lemuel_round_altar, nemelex_xobeh_ov_fountains_minmay,
          xom_redecorated, serial_shops, shop, kennysheep_mini,
          kennysheep_little_box, shop, shop, lemuel_flame_loot_1
D:7:      minmay_cornered_nines, layout_loops_ring, minmay_strange_pillars,
          hangedman_ru_absence
D:8:      layout_rooms, nzn_hepliaklqana_mist_gate, basic_altar, uniq_harold,
          uniq_joseph
D:9:      layout_loops_ring, lemuel_doored_altar, serial_shops,
          nicolae_shop_statue_plus, enter_bailey_7, gammafunk_ghost_mausoleum
Bailey:   bailey_axe_minmay_hex_keep, bailey

Skill      XL: |  1  2  3  4  5  6  7  8  9 10 |
---------------+-------------------------------+-----
Fighting       | 4 5 6 7 9 10 | 10.5
Axes           | 3 |  3.1
Armour         | 4 5 6 8 9 10 | 10.6
Shields        | 4 5 6 7 9 10 | 10.5
Maces & Flails | 1 3 4 6 8 9 |  9.6

Action                   |  1- 3 |  4- 6 |  7- 9 | 10-12 || total
-------------------------+-------+-------+-------+-------++-------
Melee: War axe           |    37 |       |       |       ||    37
       Headbutt          |     8 |    30 |    70 |    51 ||   159
       Whip              |    28 |   151 |   343 |   233 ||   755
Throw: Dart              |       |       |       |     5 ||     5
Invok: Minor Destruction |       |       |       |     2 ||     2
  Use: Scroll            |       |       |       |    11 ||    11
 Stab: Distracted        |       |       |       |     1 ||     1
Armor: Scale mail        |    28 |    51 |    76 |    44 ||   199
Dodge: Dodged            |    17 |    36 |    68 |    39 ||   160
Block: Kite shield       |    35 |    53 |   138 |   106 ||   332
